 Dungeon Crawl Stone Soup version 0.21.1-1-g345015f (webtiles) character file.

25 inc the Chiller (level 2, 0/11 HPs)
             Began as a Felid Ice Elementalist on June 16, 2018.
             Slain by a bat (1 damage)
             ... on level 2 of the Dungeon.
             The game lasted 00:01:37 (1545 turns).

inc the Chiller (Felid Ice Elementalist)            Turns: 1545, Time: 00:01:37

Health: 0/11       AC:  1    Str:  4    XL:     2   Next: 82%
Magic:  6/6        EV: 18    Int: 16    God:
Gold:   19         SH:  0    Dex: 16    Spells: 4/5 levels left
                                        Lives:  0   Deaths: 0

rFire    . . .     SeeInvis +   (weapon unavailable)
rCold    . . .     Gourm    .   (shield unavailable)
rNeg     . . .     Faith    .   (armour unavailable)
rPois    .         Spirit   .   (helmet unavailable)
rElec    .         Reflect  .   (cloak unavailable)
rCorr    .         Harm     .   (gloves unavailable)
MR       .....                  (boots unavailable)
Stlth    +++.......             (no amulet)
HPRegen  0.03/turn              (no ring)
MPRegen  0.10/turn              (no ring)

@: quick
A: very small, no armour, no weapons or thrown items, stealth, claws 1, fangs 3,
see invisible, carnivore, speed 1, shaggy fur 1, slow metabolism 1, sharp paws
a: no special abilities


You were on level 2 of the Dungeon.
You were hungry.

You visited 1 branch of the dungeon, and saw 2 of its levels.

You collected 19 gold pieces.

Inventory:

Scrolls
 c - a scroll of blinking {unknown}
 e - a scroll of magic mapping {unknown}
 f - a scroll of identify {unknown}
Potions
 d - a potion of might {unknown}
Books
 a - a book of Frost

   Spells                             Type                      Level
   a - Freeze                         Ice                          1
   b - Throw Frost                    Conjuration/Ice              2
   c - Ozocubu's Armour               Charms/Ice                   3
   d - Throw Icicle                   Conjuration/Ice              4
   e - Summon Ice Beast               Ice/Summoning                4
Comestibles
 b - a ration


   Skills:
 - Level 2.6 Dodging
 - Level 2.6 Stealth
 - Level 2.0 Spellcasting
   Level 0.8 Conjurations
 + Level 3.7 Ice Magic


You had 4 spell levels left.
You knew the following spells:

 Your Spells              Type           Power        Failure   Level  Hunger
a - Freeze                Ice            ##..         4%          1    #......


Dungeon Overview and Level Annotations

Branches:
Dungeon (2/15)

Altars:

Annotations:
D:2 Robin


Innate Abilities, Weirdness & Mutations

You cannot wear armour.
You are incapable of wielding weapons or throwing items.
Your paws allow you to move quietly. (Stealth)
You have sharp claws.
You have razor-sharp teeth.
You have supernaturally acute eyesight. (SInv)
You are carnivorous and can eat meat at any time.
You cover ground quickly.
You are covered in fur. (AC +1)
You have a slow metabolism.
Your sharp claws are effective at attacking unaware monsters.


Message History

You climb downwards.
Level annotation: Robin The goblin closely misses you.
The hobgoblin closely misses you. The goblin hits you.
The hobgoblin misses you. The goblin hits you.
Robin roars a battlecry!
The goblins go into a battle-frenzy!
You hear a shout! x2
There is a stone staircase leading up here.
The goblin closely misses you.
Found 18 gold pieces.
Robin throws the goblin at you!
The goblin shoots a stone.
The stone hits you.
* * * LOW HITPOINT WARNING * * *
You see here a stone.
Found 21 stones.
Found 4 gold pieces.
A bat comes into view.
The goblin no longer looks unusually strong.
The bat hits you.
You die...

#### #.# #.gg..#.# #.#
###.###.# #.#
#.g.gg..### .. ...
#.#..g....#.... ###
#g#####g.$.....
########...ggg.#......
#.......######## #.#..
#.......# .. #.....b@#
.# #.......# #..(.....
#.....$.## #.......#
#.......+ ####....#
#....#


You could see Robin, a goblin and a bat.

Vanquished Creatures
  4 bats
  5 giant cockroaches
  4 goblins
  A hobgoblin (D:1)
  4 kobolds
  6 rats
24 creatures vanquished.

Notes
Turn   | Place    | Note
-------+----------+-------------------------------------------
     0 | D:1      | inc the Felid Ice Elementalist began the quest for the Orb.
     0 | D:1      | Reached XP level 1. HP: 7/7 MP: 4/4
   248 | D:1      | Reached skill level 3 in Ice Magic
   451 | D:1      | Reached XP level 2. HP: 10/11 MP: 3/6
  1287 | D:2      | Noticed Robin
  1545 | D:2      | Slain by a bat

Skill      XL: |  1 |
---------------+----+-----
Ice Magic      | 3 |  3.7
Dodging        | |  2.6
Stealth        | |  2.6
Spellcasting   | |  2.0
Conjurations   | |  0.8

Action                   || total
-------------------------++-------
Melee: Unarmed           ||    35
       Bite              ||     3
 Cast: Freeze            ||    29
 Stab: Sleeping          ||     2
Armor: Skin              ||     5
Dodge: Dodged            ||    59
